 Dungeon Crawl Stone Soup version 0.31-a0-626-g8143ab4f1d (webtiles) character file.

Game seed: 6922867031046189877

505 kae the Changeling (level 6, -4/51 HPs)
             Began as a Draconian Shapeshifter on Aug 24, 2023.
             Splashed by a jelly's acid (9 damage)
             ... on level 4 of the Dungeon.
             The game lasted 00:03:55 (3441 turns).

kae the Changeling (Draconian Shapeshifter)         Turns: 3441, Time: 00:03:56

Health: -4/51      AC: -6    Str: 17    XL:     6   Next: 96%
Magic:  6/6        EV: 13    Int:  9    God:
Gold:   144        SH:  0    Dex: 13    Spells: 5/5 levels left

rFire   . .          .
                       - Unarmed
rCold   . . .        (no shield)
rNeg    . . .        (body armour unavailable)
rPois   .            (helmet currently unavailable)
rElec   .            (cloak currently unavailable)
rCorr   .            (gloves currently unavailable)
SInv    .            (boots currently unavailable)
Will    .....        (no amulet)
Stlth   +            (no ring)
HPRegen 0.28/turn    (no ring)
MPRegen 0.10/turn

%: no passive effects
@: beast-form, corroded
A: beast (slay +2), AC +6, unfitting armour, cold-blooded
a: Begin Untransformation


You were on level 4 of the Dungeon.
You were a hulking beast.
You visited 1 branch of the dungeon, and saw 4 of its levels.
You also visited: Ossuary.

You collected 144 gold pieces.


Innate Abilities, Weirdness & Mutations

You are a hulking beast.
Your limbs bulge with bestial killing power. (Slay +2)
Your plain brown scales are hard. (AC +6)
You cannot fit into any form of body armour.
You are cold-blooded and may be slowed by cold attacks.


   Skills:
 + Level 3.5 Fighting
 + Level 3.4 Dodging
 + Level 4.3 Unarmed Combat
 * Level 5.2 Shapeshifting


You had 5 spell levels left.
You didn't know any spells.
Your spell library was empty.

Inventory:

Missiles
 d - 52 stones
 f - 3 poisoned darts
 s - 2 throwing nets {=f!f}
 G - 3 boomerangs
Jewellery
 v - a ring of see invisible
   (You found it on level 1 of the Dungeon)
 D - a +6 ring of dexterity
   (You found it on level 1 of the Dungeon)
 S - a +6 ring of strength
   (You found it on level 3 of the Dungeon)
 Z - a ring of wizardry
   (You found it on level 1 of the Dungeon)
Talismans
 b - a beast talisman (active)
 c - a flux talisman
Wands
 e - a wand of digging (4)
   (You found it on level 2 of the Dungeon)
 t - a wand of flame (11)
   (You took it off Ijyb on level 3 of the Dungeon)
Scrolls
 g - 2 scrolls of vulnerability {unknown}
 h - a scroll of enchant armour
 l - a scroll of identify {unknown}
 n - a scroll of poison {unknown}
 o - 8 scrolls of noise {!r}
 p - a scroll of brand weapon {unknown}
 q - a scroll of silence {unknown}
 r - a scroll of enchant weapon {unknown}
 u - 3 scrolls of teleportation {unknown}
 x - a scroll of amnesia {unknown}
 y - a scroll of immolation {!r!r}
 F - a scroll of blinking {unknown}
Potions
 a - 2 potions of lignification {!q}
 i - 2 potions of brilliance {unknown}
 j - a potion of invisibility {unknown}
 k - 3 potions of curing {unknown}
 m - 2 potions of ambrosia {unknown}
 w - 3 potions of mutation {!q}
 z - a potion of cancellation {unknown}
 A - 2 potions of haste {unknown}
 B - a potion of enlightenment {unknown}
 C - a potion of heal wounds {unknown}
 E - a potion of resistance {unknown}

Dungeon Overview and Level Annotations

Branches:
Dungeon (4/15) Zot: 21010 Ossuary (visited)
 Temple: D:4-7

Altars:

Annotations:
D:2 1 runed translucent door, Crazy Yiuf

.......#......'...+.#....[.)#...#
.......##...#######.#'#...#)#†...
#.#....###.######.....#...#.)....
#.#...#......##.'.....##+##....#.
#.....#......#..#.....#....###...
.....##.........###.#+##...# #...
##.............#..'.#..#.#.###...
##.....#....####J###.......#....
###..##.#...##h................
####..#...#....##.......#....
#.....................#....
#.......##..#.......#......
##.........###.....###.....
##........# #.............
###........###......#..##..
##......##..#>.........#####
#...>............###..##


You could see a jelly.


Message History

You hit the jelly.
Your hands burn! 😕 HP[-7]
You take 7 damage, and now have 39/51 hp.
You barely miss the jelly. You tail-slap the jelly. You punch the jelly.
You kill the jelly!
No target in view!
There is an open door here.
There is an open door here.
There is an open door here.
Key pressed, stopping explore.
Unknown command.
Found a stone staircase leading up. 😎 HP[+12]
Your hp is fully restored (51).
Key pressed, stopping explore.
There is an open door here.
A quokka comes into view.
A quokka is nearby!
A quokka is nearby!
A quokka is nearby!
A quokka is nearby!
The quokka barely misses you.
A quokka is nearby!
You hit the quokka. The quokka completely misses you. The quokka misses you.
You punch the quokka!
You kill the quokka!
There is an open door here.
There is an open door here.
You open the door.
An adder comes into view.
There is an open door here.
The adder hisses angrily.
The adder barely misses you.
An adder is nearby!
You closely miss the adder. The adder bites you but does no damage.
The adder barely misses you.
You miss the adder. The adder closely misses you.
An adder is nearby!
You barely miss the adder. The adder closely misses you.
You barely miss the adder. The adder misses you.
You hit the adder. The adder bites you but does no damage. The adder bites you.
You punch the adder!
You kill the adder!
Found an escape hatch in the floor.
There is an escape hatch in the floor here.
You hear a distant slurping noise.
Key pressed, stopping explore.
No target in view!
No target in view!
Key pressed, stopping explore.
No target in view!
No target in view!
You hear a distant slurping noise.
You hear a distant slurping noise.
There is a stone staircase leading down here.
A jelly comes into view.
A jelly is nearby!
A jelly is nearby!
A jelly is nearby!
You punch the jelly!
Your hands burn!
The jelly hits you but does no damage. 😕 HP[-1]
You take 1 damage, and now have 50/51 hp.
A jelly is nearby!
You hit the jelly.
Your hands burn!
You tail-slap the jelly. The jelly misses you.
You hit the jelly. The acid corrodes you!
Your hands burn!
The jelly barely misses you. 😕 HP[-5]
You take 5 damage, and now have 45/51 hp.
You punch the jelly! The acid corrodes you!
Your hands burn!
The jelly hits you.
You are splashed with acid!
You are too injured to fight recklessly!
A jelly is nearby! 😮 HP[-17]
You take 17 damage, and now have 28/51 hp.
MASSIVE DAMAGE!! (PAUSE)
A jelly is nearby!
You are too injured to fight recklessly!
You are too injured to fight recklessly!
You hit the jelly.
Your hands burn!
* * * LOW HITPOINT WARNING * * *
The jelly closely misses you. 😨 HP[-5]
You take 5 damage, and now have 23/51 hp.
You hit the jelly.
Your hands burn!
* * * LOW HITPOINT WARNING * * *
The jelly hits you.
* * * LOW HITPOINT WARNING * * *
You are splashed with acid!
* * * LOW HITPOINT WARNING * * *
Unknown command. 😱 HP[-14]
You take 14 damage, and now have 9/51 hp.
MASSIVE DAMAGE!! (PAUSE)
You hit the jelly but do no damage.
Your hands burn!
* * * LOW HITPOINT WARNING * * *
The jelly hits you.
* * * LOW HITPOINT WARNING * * *
The acid corrodes you!
You are splashed with acid!
You die...

Skill      XL: |  1  2  3  4  5  6 |
---------------+-------------------+-----
Dodging        | 2 3 |  3.4
Fighting       | 2 3 |  3.5
Shapeshifting  | 4 5 |  5.2
Unarmed Combat | 4 |  4.3

Action                     |  1- 3 |  4- 6 || total
---------------------------+-------+-------++-------
  Melee: Unarmed           |    66 |   201 ||   267
         Tailslap          |     9 |    26 ||    35
         Punch             |     3 |     9 ||    12
  Evoke: Wand              |       |     4 ||     4
    Use: Scroll            |     3 |       ||     3
   Stab: Sleeping          |     2 |       ||     2
 Armour: Skin              |    13 |    53 ||    66
  Dodge: Dodged            |    31 |   106 ||   137

Levels and vault maps discovered:
D:1:      amcnicky_arrival_blooded_trapdoor, layout_rooms,
          hellmonk_ecumenical_altar_inner_sanctum
D:2:      layout_rooms, uniq_natasha, uniq_crazy_yiuf_cottage
D:3:      layout_loops_ring, uniq_ijyb, uniq_terence
D:4:      nicolae_cairo_tiling_large, layout_cave_pools, enter_ossuary_4,
          grunt_ministairs_2

Notes
Turn   | Place    | Note
-------+----------+-------------------------------------------
     0 | D:1      | kae the Draconian Shapeshifter began the quest for the Orb.
     0 | D:1      | Reached XP level 1. HP: 16/16 MP: 1/1
     0 | D:1      | magus.rc [v1.11.3]
   124 | D:1      | Reached XP level 2. HP: 21/23 MP: 2/2
   169 | D:1      | Reached skill level 2 in Dodging
   262 | D:1      | Found a faded altar of an unknown god.
   610 | D:2      | Reached XP level 3. HP: 9/29 MP: 3/3
   610 | D:2      | HP: 5/29 [frozen (3)]
   612 | D:2      | HP: 2/29 [poisoned by an adder]
   797 | D:2      | Reached skill level 2 in Fighting
   911 | D:2      | Noticed Natasha
   925 | D:2      | Killed Natasha
   926 | D:2      | Reached XP level 4. HP: 11/36 MP: 4/4
  1337 | D:2      | Found a runed translucent door.
  1338 | D:2      | Noticed Crazy Yiuf
  1392 | D:2      | Noticed Natasha
  1405 | D:2      | Killed Natasha
  1448 | D:2      | Noticed Natasha
  1453 | D:2      | Killed Natasha
  1454 | D:2      | Reached skill level 4 in Shapeshifting
  1602 | D:3      | Noticed Terence
  1620 | D:3      | Killed Terence
  1621 | D:3      | Reached XP level 5. HP: 22/42 MP: 5/5
  1780 | D:3      | Noticed Ijyb
  1796 | D:3      | Killed Ijyb
  2422 | D:4      | Found a sand-covered staircase.
  2439 | Ossuary  | Entered an ossuary
  2520 | Ossuary  | Reached skill level 3 in Fighting
  2520 | Ossuary  | Reached skill level 3 in Dodging
  2520 | Ossuary  | Reached skill level 4 in Unarmed Combat
  2520 | Ossuary  | Reached XP level 6. HP: 45/51 MP: 6/6
  2990 | D:4      | Reached skill level 5 in Shapeshifting
  3440 | D:4      | HP: 9/51 [acid (8)]
  3441 | D:4      | Splashed by a jelly's acid

Vanquished Creatures
  2 jellies (D:4)
  A centaur zombie (Ossuary)
  2 human zombies (Ossuary)
  Natasha (thrice) (D:2)
  Ijyb (D:3)
  Terence (D:3)
  3 mummies (Ossuary)
  7 adders
  An ufetubus (D:3)
  A worm (D:2)
  2 dart slugs
  7 orcs (D:4)
  5 ball pythons
  2 endoplasms
  2 giant cockroaches
  3 gnoll zombies (Ossuary)
  4 goblins
  8 hobgoblins
  7 jackals
  A kobold (D:1)
  3 quokkas (D:4)
  3 bats
  A goblin zombie (Ossuary)
  A hobgoblin zombie (Ossuary)
  A quokka zombie (D:4)
  10 rats
  A rat zombie (D:4)
83 creatures vanquished.

Table legend:
 A = Non-vault XP
 B = Vault XP
 C = Vault XP percentage of total XP
 D = Non-vault monster count
 E = Vault monster count
 F = Vault count percentage of total count
                 A         B        C        D         E       F
            +---------+---------+-------+---------+---------+-------
      Total |     405 |     317 |  43.9 |      65 |      18 |  21.7
            +---------+---------+-------+---------+---------+-------
        D:1 |      23 |       0 |   0.0 |      13 |       0 |   0.0
        D:2 |     123 |      37 |  23.1 |      18 |       1 |   5.3
        D:3 |      54 |      80 |  59.7 |      12 |       3 |  20.0
        D:4 |     205 |       4 |   1.9 |      22 |       3 |  12.0
    Ossuary |       0 |     196 | 100.0 |       0 |      11 | 100.0
            +---------+---------+-------+---------+---------+-------

Skill      XL: |  1  2  3  4  5  6 |
---------------+-------------------+-----
Dodging        | 2 3 |  3.4
Fighting       | 2 3 |  3.5
Shapeshifting  | 4 5 |  5.2
Unarmed Combat | 4 |  4.3

Action                     |  1- 3 |  4- 6 || total
---------------------------+-------+-------++-------
  Melee: Unarmed           |    66 |   201 ||   267
         Tailslap          |     9 |    26 ||    35
         Punch             |     3 |     9 ||    12
  Evoke: Wand              |       |     4 ||     4
    Use: Scroll            |     3 |       ||     3
   Stab: Sleeping          |     2 |       ||     2
 Armour: Skin              |    13 |    53 ||    66
  Dodge: Dodged            |    31 |   106 ||   137

Illustrated notes

Table legend:
 A = Kills in this place as a percentage of kills in the entire game.
 B = Kills by you in this place as a percentage of kills by you in the entire game.
 C = Kills by friends in this place as a percentage of kills by friends in the entire game.
 D = Other kills in this place as a percentage of other kills in the entire game.
 E = Experience gained in this place as a percentage of experience gained in the entire game.
 F = Experience gained in this place divided by the number of levels of this place that you have seen.
                   A       B       C       D       E      F
               +-------+-------+-------+-------+-------+----------------------
         Total | 100.0 | 100.0 |   N/A |   N/A | 100.0 | 144.4
       Dungeon |  86.7 |  86.7 |   N/A |   N/A |  72.9 | 131.5
       Ossuary |  13.3 |  13.3 |   N/A |   N/A |  27.1 | 196.0
               +-------+-------+-------+-------+-------+----------------------

Table legend: (Time is in decaauts)
 A = Elapsed time spent in this place.
 B = Non-inter-level travel time spent in this place.
 C = Inter-level travel time spent in this place.
 D = Time resting spent in this place.
 E = Time spent auto-exploring this place.
 F = Levels seen in this place.
 G = Mean time per level.
                   A        B        C        D        E       F      G
               +--------+--------+--------+--------+--------+-----+--------+
         Total |   3423 |   3304 |    119 |    526 |   2103 |   5 |  684.6 |
       Dungeon |   2988 |   2869 |    119 |    399 |   1974 |   4 |  747.0 |
       Ossuary |    435 |    435 |      0 |    127 |    129 |   1 |  435.0 |
               +--------+--------+--------+--------+--------+-----+--------+

Top non-repeatable levels by time:
     D:2: 1144 daAuts
     D:3: 721 daAuts
     D:4: 680 daAuts
     D:1: 441 daAuts
 Ossuary: 435 daAuts
